 Dungeon Crawl Stone Soup version 0.31-a0-246-g8cbcc1cb85 (webtiles) character file.

Game seed: 3946675608484357569

77 qw the Shooter (level 4, 0/36 HPs)
             Began as a Minotaur Hexslinger on July 12, 2023.
             Killed from afar by Sigmund (4 damage)
             ... with a magic dart
             ... on level 3 of the Dungeon.
             The game lasted 00:00:39 (1845 turns).

qw the Shooter (Minotaur Hexslinger)                Turns: 1845, Time: 00:00:40

Health: 0/36       AC:  5    Str: 12    XL:     4   Next: 13%
Magic:  4/4        EV: 11    Int: 10    God:
Gold:   85         SH:  0    Dex: 15    Spells: 4/5 levels left

rFire   . . .        Y - +2 sling
rCold   . . .        (no shield)
rNeg    . . .        f - +0 ring mail
rPois   .            (helmet unavailable)
rElec   .            (no cloak)
rCorr   .            (no gloves)
SInv    +            (no boots)
Will    .....        (no amulet)
Stlth   +            h - ring of see invisible
HPRegen 0.26/turn    (no ring)
MPRegen 0.09/turn

%: no passive effects
@: no status effects
A: horns 3, retaliatory headbutt, MP-powered wands
a: no special abilities


You were on level 3 of the Dungeon.
You visited 1 branch of the dungeon, and saw 3 of its levels.

You collected 85 gold pieces.


Innate Abilities, Weirdness & Mutations

You have a pair of large horns on your head.
You reflexively headbutt those who attack you in melee.
You expend magic power (3 MP) to strengthen your wands.


   Skills:
 - Level 2.0 Fighting
 + Level 4.4 Ranged Weapons
 - Level 1.1 Armour
 - Level 2.1 Dodging
 - Level 1.0 Spellcasting
 - Level 2.0 Hexes


You had 4 spell levels left.
You knew the following spells:

 Your Spells              Type           Power      Damage    Failure   Level
a - Slow                  Hex            16%        N/A       34%         1

Your spell library contained the following spells:

 Spells                   Type           Power      Damage    Failure   Level
 Inner Flame              Hex/Fire       2%         N/A       83%         3
 Portal Projectile        Hex/Tloc       4%         N/A       83%         3
 Cause Fear               Hex            2%         N/A       98%         4

Inventory:

Hand Weapons
 Y - a +2 sling (weapon)
Armour
 f - a +0 ring mail (worn)
Jewellery
 h - a ring of see invisible (left hand)
Scrolls
 b - a scroll of identify {unknown}
Potions
 a - a potion of resistance {unknown}
 d - a potion of heal wounds {unknown}
 e - a potion of curing {unknown}
 g - a potion of mutation

Dungeon Overview and Level Annotations

Branches:
Dungeon (3/15)

Altars:
Kikubaaqudgha
Yredelemnul

Annotations:
D:3 Sigmund


Message History

Sigmund is suddenly surrounded by pale blue light.
You shoot a sling bullet. The sling bullet barely misses Sigmund.
You shoot a sling bullet. The sling bullet barely misses Sigmund.
An orc comes into view. It is wielding a +0 falchion.
Sigmund points at you and mumbles some strange words.
The magic dart hits you!
Sigmund points at you and mumbles some strange words.
You resist with some effort.
You shoot a sling bullet. The sling bullet barely misses Sigmund.
The sling bullet hits the orc.
The orc is heavily wounded.
An orc comes into view. It is wielding a +0 hand axe.
You shoot a sling bullet. The sling bullet barely misses Sigmund.
The orc shouts!
Sigmund hits you from afar with a +0 heavy scythe!
You shoot a sling bullet.
The sling bullet closely misses Sigmund.
You shoot a sling bullet. The sling bullet hits the orc.
You kill the orc!
Sigmund casts a spell at you. The puff of flame hits you!
Sigmund closely misses you.
You shoot a sling bullet. The sling bullet hits Sigmund.
Sigmund is lightly wounded.
You shoot a sling bullet.
The sling bullet closely misses Sigmund.
Sigmund barely misses you.
You shoot a sling bullet.
The sling bullet closely misses the orc.
The orc misses you. The orc closely misses you.
You shoot a sling bullet. The sling bullet hits the orc!
You kill the orc!
Sigmund closely misses you.
You shoot a sling bullet. The sling bullet barely misses Sigmund.
You shoot a sling bullet. The sling bullet hits Sigmund.
Sigmund is moderately wounded.
Sigmund mumbles some strange words.
Sigmund flickers and vanishes for a moment.
Sigmund points at you and mumbles some strange words.
The magic dart hits you.
You die...

..## ##..## ......
.... #... .#####)@# .#
......).# ######.# #@#
#......# ##'##
#......# ##...##
#......# ##.....##
#.....#
#.......###.....#
#....<....####...#####
+.....................
#......>.%.........###
##.......#.###..##.#


You could see Sigmund (invisible).

Vanquished Creatures
  2 adders (D:2)
  A worm (D:2)
  2 dart slugs (D:1)
  3 orcs (D:3)
  4 ball pythons
  3 bats
  5 endoplasms
  2 giant cockroaches
  3 goblins
  6 hobgoblins
  2 quokkas
  3 frilled lizards
  6 kobolds (D:1)
  5 rats
47 creatures vanquished.

Notes
Turn   | Place    | Note
-------+----------+-------------------------------------------
     0 | D:1      | qw the Minotaur Hexslinger began the quest for the Orb.
     0 | D:1      | Reached XP level 1. HP: 16/16 MP: 1/1
     0 | D:1      | 0 ||| qw: Version: 0.3-a-52-g30416fa
     0 | D:1      | 0 ||| qw: Game counter: 6403
     0 | D:1      | 0 ||| qw: Melee chars always use a shield: true
     0 | D:1      | 0 ||| qw: God list: Okawaru
     0 | D:1      | 0 ||| qw: Allow faded altars: false
     0 | D:1      | 0 ||| qw: Do Orc after clearing Dungeon:15 true
     0 | D:1      | 0 ||| qw: Do second Lair branch before Depths: true
     0 | D:1      | 0 ||| qw: Lair rune preference: random
     0 | D:1      | 0 ||| qw: Goals: Normal
     0 | D:1      | 0 ||| PLANNING D:1-11
   163 | D:1      | Reached skill level 3 in Ranged Weapons
   165 | D:1      | Reached XP level 2. HP: 23/23 MP: 2/2
   709 | D:1      | 709 ||| UPGRADING to +0 leather armour.
   719 | D:1      | 719 ||| DROPPING +0 robe.
   720 | D:1      | 720 ||| UPGRADING to +0 ring mail.
   730 | D:1      | 730 ||| DROPPING +0 leather armour.
   731 | D:1      | 731 ||| READING scroll labelled COELODGHESEGH.
   732 | D:1      | 732 ||| READING scroll labelled FEUTAS POSHOI.
   736 | D:1      | 736 ||| READING scroll labelled CUIQUSU ULEC.
   737 | D:1      | 737 ||| DRINKING 3 cyan potions.
   738 | D:1      | 738 ||| DRINKING 2 sedimented emerald potions.
   738 | D:1      | Gained mutation: You have a pair of large horns on your
                  | head. [potion of mutation]
   738 | D:1      | Gained mutation: You expend magic power (3 MP) to
                  | strengthen your wands. [potion of mutation]
   739 | D:1      | 739 ||| DROPPING scroll of poison.
   740 | D:1      | 740 ||| DROPPING 2 potions of invisibility.
   763 | D:2      | Reached XP level 3. HP: 27/29 MP: 3/3
   937 | D:2      | Reached skill level 4 in Ranged Weapons
  1082 | D:2      | Found an ancient bone altar of Kikubaaqudgha.
  1223 | D:2      | Reached skill level 1 in Armour
  1534 | D:2      | 1534 ||| UPGRADING to ring of see invisible.
  1535 | D:2      | 1535 ||| READING scroll labelled PACE RISMIYK.
  1536 | D:2      | 1536 ||| READING scroll labelled VOARUS PEPRETT.
  1669 | D:3      | Found a basalt altar of Yredelemnul.
  1717 | D:3      | Reached XP level 4. HP: 31/36 MP: 4/4
  1832 | D:3      | Noticed Sigmund
  1837 | D:3      | HP: 9/36 [Sigmund/+0 heavy scythe (14)]
  1839 | D:3      | HP: 2/36 [Sigmund/puff of flame (7)]
  1845 | D:3      | Killed from afar by Sigmund

Levels and vault maps discovered:
D:1:      minmay_arrival_shattered_statue, layout_loops_ring, minmay_tall_x
D:2:      layout_basic, basic_altar
D:3:      layout_loops_corners, mainiacjoe_overflow_tiny_flanked,
          hellmonk_ecumenical_altar_arch_garden, uniq_sigmund,
          uniq_crazy_yiuf_cottage

Skill      XL: |  1  2  3 |
---------------+----------+-----
Ranged Weapons | 3 4 |  4.4
Fighting       | 2 |  2.0
Armour         | 1 |  1.1
Dodging        | |  2.1
Spellcasting   | |  1.0
Hexes          | |  2.0

Action                     |  1- 3 |  4- 6 || total
---------------------------+-------+-------++-------
   Fire: Sling             |   123 |    26 ||   149
    Use: Scroll            |     5 |       ||     5
         Potion            |     2 |       ||     2
 Armour: Robe              |     7 |       ||     7
         Ring mail         |    13 |       ||    13
  Dodge: Dodged            |    34 |     7 ||    41

Table legend:
 A = Non-vault XP
 B = Vault XP
 C = Vault XP percentage of total XP
 D = Non-vault monster count
 E = Vault monster count
 F = Vault count percentage of total count
                 A         B        C        D         E       F
            +---------+---------+-------+---------+---------+-------
      Total |     103 |       7 |   6.4 |      43 |       4 |   8.5
            +---------+---------+-------+---------+---------+-------
        D:1 |      32 |       7 |  17.9 |      19 |       4 |  17.4
        D:2 |      53 |       0 |   0.0 |      15 |       0 |   0.0
        D:3 |      18 |       0 |   0.0 |       9 |       0 |   0.0
            +---------+---------+-------+---------+---------+-------
